 Dungeon Crawl Stone Soup version 0.29-a0-352-g0917bc69df (webtiles) character file.

Game seed: 5534541251369874816

1534 Shayle the Ducker (level 8, -1/52 HPs)
             Began as a Tengu Brigand on Apr 24, 2022.
             Was an Initiate of Ashenzari.
             Slain by an ogre
             ... wielding a +0 giant spiked club
              (32 damage)
             ... on level 6 of the Dungeon.
             The game lasted 00:15:02 (6308 turns).

Shayle the Ducker (Tengu Brigand)                   Turns: 6308, Time: 00:15:02

Health: -1/52      AC:  4    Str: 11    XL:     8   Next: 86%
Magic:  16/17      EV: 15    Int: 15    God:    Ashenzari [......]
Gold:   359        SH:  5    Dex: 15    Spells: 16/17 levels left

rFire   . . .      SeeInvis .   f - +1 quarterstaff (spect)
rCold   . . .      Faith    .   (shield currently unavailable)
rNeg    . . .      Spirit   .   H - +0 ring mail
rPois   .          Reflect  +   (helmet restricted)
rElec   .          Harm     .   c - +2 cloak
rCorr   .          Rampage  .   (no gloves)
Will    .....                   (boots unavailable)
Stlth   ++........              m - amulet of reflection
HPRegen 0.17/turn               i - ring of wizardry
MPRegen 0.15/turn               (no ring)

@: corroded, flying quickly and evasively, quick
A: beak, talons 3, nimble flight
a: Renounce Religion, Curse Item


You were on level 6 of the Dungeon.
You worshipped Ashenzari.
Ashenzari was noncommittal.
You visited 2 branches of the dungeon, and saw 7 of its levels.
You also visited: Sewer.

You collected 359 gold pieces.

Inventory:

Hand Weapons
 a - a +2 dagger
 f - a +1 spectral quarterstaff (weapon)
 F - a +3 dagger of draining
Missiles
 d - 33 poisoned darts (quivered)
 e - 3 curare-tipped darts
 E - a throwing net
Armour
 b - a +0 robe
 c - a +2 cloak (worn)
 H - a +0 ring mail (worn)
Jewellery
 i - a ring of wizardry (left hand)
 m - an amulet of reflection (around neck)
Scrolls
 h - 3 scrolls of blinking
 p - a scroll of magic mapping
 s - a scroll of teleportation
 t - a scroll of amnesia
 u - 2 scrolls of fear
 y - a scroll of identify
 B - a scroll of enchant armour
Potions
 g - 5 potions of curing
 j - 4 potions of heal wounds
 k - a potion of invisibility
 l - 4 potions of might
 n - 2 potions of degeneration {unknown}
 o - 2 potions of lignification
 q - a potion of flight {unknown}
 r - a potion of berserk rage {unknown}
 v - 3 potions of attraction {unknown}
 w - a potion of haste {unknown}
 x - 2 potions of mutation {unknown}
 z - a potion of resistance {unknown}
 A - a potion of cancellation {unknown}
 G - a potion of ambrosia {unknown}


   Skills:
 + Level 6.5 Fighting
 - Level 2.1 Short Blades
 - Level 2.0 Throwing
 + Level 6.8 Dodging
 - Level 4.2 Stealth
 + Level 5.3 Spellcasting


You had 16 spell levels left.
You knew the following spells:

 Your Spells              Type           Power      Damage    Failure   Level
a - Foxfire               Conj/Fire      16%        2x1d4     16%         1

Your spell library contained the following spells:

 Spells                   Type           Power      Damage    Failure   Level
 Conjure Flame            Conj/Fire      4%         6-21      41%         3
 Inner Flame              Hex/Fire       4%         N/A       41%         3
 Flame Wave               Conj/Fire      4%         2d5       80%         4
 Hailstorm                Conj/Ice       4%         3d4       80%         4
 Ice Form                 Ice/Tmut       4%         N/A       80%         4
 Simulacrum               Ice/Necr       2%         N/A       100%        6


Dungeon Overview and Level Annotations

Branches:
Dungeon (6/15)             Temple (1/1) D:4           Sewer (visited)

Altars:
Ashenzari
Cheibriados
Hepliaklqana
Kikubaaqudgha
Makhleb
Nemelex Xobeh
Okawaru
Qazlal
Sif Muna
Trog
Vehumet
Xom
Yredelemnul
Zin
The Shining One

Annotations:
D:5 1 runed translucent door, Cecur's ghost, novice MiFi


Innate Abilities, Weirdness & Mutations

You have a beak for a mouth.
You have claws for feet.
Your magical nature lets you fly swiftly and evasively.


Message History

A jelly is nearby!
Found a robe.
An ogre comes into view. It is wielding a +0 giant spiked club.
Found 7 gold pieces.
Unknown command.
The jelly quivers.
The ogre shouts!
The jelly barely misses you.
You hit the jelly but do no damage. The acid corrodes you!
Your hands burn!
Your kick misses the jelly. You peck the jelly, but do no damage.
Your +1 spectral quarterstaff completely misses the jelly.
You block the jelly's attack. The jelly barely misses you.
Unknown command.
You hit the jelly.
Your hands burn!
The jelly is lightly wounded.
Your +1 spectral quarterstaff hits the jelly!
Your +1 spectral quarterstaff is burned by acid!
Your spectral weapon shares its damage with you!
You block the jelly's attack.
The ogre completely misses your +1 spectral quarterstaff.
You hit the jelly.
Your hands burn!
The jelly is severely wounded.
Your +1 spectral quarterstaff hits the jelly!
You kill the jelly!
Unknown command.
You hit the ogre but do no damage. You peck the ogre, but do no damage.
Your +1 spectral quarterstaff hits the ogre.
The ogre hits you with a +0 giant spiked club!
Unknown command.
You barely miss the ogre. Your peck misses the ogre.
The ogre is lightly wounded.
Your +1 spectral quarterstaff hits the ogre!
The ogre misses you.
Unknown command.
You thump the ogre!
The ogre is severely wounded.
Your +1 spectral quarterstaff barely misses the ogre.
The ogre hits you with a +0 giant spiked club!!
Ouch! That really hurt!
You die...

....... #
........# ###
........# ...
........#
#.###......$#
...(.......#
#.O........
#.@......#
#.#.#######
#....<....#
#..<#...#...[..
...........[.....
#########.#.#....
....# ##. ##..#
..#


You could see an ogre and a friendly +1 spectral quarterstaff (summoned).

Vanquished Creatures
  An ice beast (D:4)
  A black bear (D:2)
  2 ogres
  4 kobold brigands
  A necrophage (D:4)
  4 scorpions
  3 jellies
  An orc priest (D:5)
  2 hounds
  A gnoll shaman (D:5)
  2 iguanas
  An orc wizard (D:5)
  4 gnolls (D:5)
  11 adders
  4 river rats (Sewer)
  3 worms
  3 dart slugs
  16 orcs
  14 ball pythons
  4 endoplasms
  6 giant cockroaches
  9 goblins
  3 hobgoblins
  4 jackals
  25 kobolds
  3 quokkas
  5 bats
  5 frilled lizards
  23 rats
165 creatures vanquished.

Notes
Turn   | Place    | Note
-------+----------+-------------------------------------------
     0 | D:1      | Shayle the Tengu Brigand began the quest for the Orb.
     0 | D:1      | Reached XP level 1. HP: 12/12 MP: 2/2
   167 | D:1      | Reached XP level 2. HP: 16/17 MP: 3/3
   263 | D:1      | Found a faded altar of an unknown god.
   369 | D:1      | Reached XP level 3. HP: 9/22 MP: 4/4
  1144 | D:2      | Reached skill level 1 in Spellcasting
  1222 | D:2      | Noticed a black bear
  1236 | D:2      | Killed a black bear
  1237 | D:2      | Reached XP level 4. HP: 12/28 MP: 5/8
  1237 | D:2      | Gained mutation: Your magical nature lets you fly swiftly
                  | and evasively. [Tengu growth]
  1237 | D:2      | Reached XP level 5. HP: 14/32 MP: 5/9
  1800 | D:2      | Found a hazy altar of Hepliaklqana.
  2349 | D:3      | Found a glowing drain.
  2376 | Sewer    | Entered a sewer
  2426 | Sewer    | Reached XP level 6. HP: 38/38 MP: 10/10
  3021 | Sewer    | Reached XP level 7. HP: 20/44 MP: 11/13
  4029 | D:3      | Found a burning altar of Makhleb.
  4120 | D:4      | Found an ancient bone altar of Kikubaaqudgha.
  4431 | D:4      | Reached skill level 5 in Fighting
  4431 | D:4      | Reached skill level 5 in Dodging
  4447 | D:4      | Found a staircase to the Ecumenical Temple.
  4470 | Temple   | Entered the Ecumenical Temple
  4564 | Temple   | Became a worshipper of Ashenzari the Shackled
  4836 | D:4      | Reached XP level 8. HP: 34/50 MP: 15/15
  5061 | D:4      | Learned a level 1 spell: Foxfire
  5344 | D:5      | Entered Level 5 of the Dungeon
  5392 | D:5      | Found a runed translucent door.
  5396 | D:5      | Noticed Cecur's ghost (novice MiFi)
  5762 | D:5      | Reached skill level 5 in Spellcasting
  6308 | D:6      | Slain by an ogre

Illustrated notes

Levels and vault maps discovered:
D:1:      sevenhm_arrival_forest_fort_small_6, layout_rooms,
          ebering_ecumenical_altar_sacrificial, hangedman_abyss_or_decor_stabs
D:2:      layout_loops_ring, basic_altar
D:3:      layout_loops_ring, lightli_temple_of_fire, portal_sewer_entry_a
D:4:      layout_loops_ring, mainiacjoe_overflow_concentric_impassable,
          minmay_temple_entry_trees
D:5:      layout_basic, ebering_ghost_inner_flame, eino_tiny_chamber
D:6:      layout_basic, mainiacjoe_overflow_24_doors,
          nicolae_uskayaw_dance_studio, lemuel_doored_altar,
          mainiacjoe_overflow_chevrons, uniq_blork_the_orc
Temple:   dshaligram_water_room_temple

Skill      XL: |  1  2  3  4  5  6  7  8 |
---------------+-------------------------+-----
Dodging        | 3 4 5 6 |  6.8
Spellcasting   | 2 3 4 5 |  5.3
Fighting       | 3 4 5 6 |  6.5
Short Blades   | |  2.1
Throwing       | |  2.0
Stealth        | |  4.2

Action                   |  1- 3 |  4- 6 |  7- 9 || total
-------------------------+-------+-------+-------++-------
Melee: Dagger            |    65 |   158 |    83 ||   306
       Kick              |    14 |    44 |    42 ||   100
       Peck              |     9 |    13 |    20 ||    42
       Punch             |       |     2 |     1 ||     3
       Quarterstaff      |       |       |    52 ||    52
Throw: Dart              |     8 |     3 |    10 ||    21
  Use: Scroll            |       |     3 |    17 ||    20
       Potion            |       |     3 |       ||     3
 Stab: Sleeping          |     4 |     7 |     4 ||    15
Armor: Robe              |    13 |    39 |     3 ||    55
       Ring mail         |       |       |    11 ||    11
Dodge: Dodged            |    33 |   151 |    72 ||   256
Block: Other             |       |       |    12 ||    12

Table legend: (Time is in decaauts)
 A = Elapsed time spent in this place.
 B = Non-inter-level travel time spent in this place.
 C = Inter-level travel time spent in this place.
 D = Time resting spent in this place.
 E = Time spent auto-exploring this place.
 F = Levels seen in this place.
 G = Mean time per level.
                   A        B        C        D        E       F      G
               +--------+--------+--------+--------+--------+-----+--------+
         Total |   5990 |   5866 |    124 |   1108 |   3178 |   8 |  748.8 |
       Dungeon |   4936 |   4835 |    101 |    657 |   2942 |   6 |  822.7 |
        Temple |     91 |     69 |     22 |      0 |     54 |   1 |   91.0 |
         Sewer |    962 |    962 |      0 |    451 |    181 |   1 |  962.0 |
               +--------+--------+--------+--------+--------+-----+--------+

Top non-repeatable levels by time:
     D:1: 1125 daAuts
     D:3: 1007 daAuts
   Sewer: 962 daAuts
     D:4: 962 daAuts
     D:2: 925 daAuts
     D:5: 905 daAuts
  Temple: 91 daAuts
     D:6: 9 daAuts
